Map: Acid Plant LE

Players

Kelazhur

  • Race: Terran Terran
  • Spawn Location: 11:00

Has - Winner!

  • Race: Protoss Protoss
  • Spawn Location: 5:00

Event: WCS Valencia 2018

VOD

Have the link to the VOD?

Description

Time

  • Played on: July 13, 2018, 2:24 p.m.
  • Length: 11:54

All games in this series

Show
View Real Time Build Order
Export as new Build Order

Kelazhur Terran 

Build Orders: MMM Bio 

Get SALT Encoding   

  12  0:00  SCV  
  13  0:12  SCV  
  14  0:17  Supply Depot  
  14  0:24  SCV  
  15  0:38  SCV  
  15  0:40  Barracks  
  16  0:44  Refinery  
  16  0:50  SCV  
  17  1:02  SCV  
  18  1:15  SCV  
  19  1:27  Reaper, Orbital Command  
  20  1:41  Supply Depot  
  20  1:51  Refinery  
  20  1:53  SCV  
  21  1:59  Bunker  
  21  2:00  Marine  
  22  2:05  SCV  
  22  2:06  Factory  
  23  2:17  SCV  
  24  2:29  SCV  
  25  2:30  Barracks Reactor  
  25  2:34  Supply Depot  
  25  2:42  SCV  
  26  2:47  Command Center  
  26  2:59  SCV, Command Center  
  26  3:06  Starport  
  26  3:09  Factory Tech Lab  
  26  3:11  SCV  
  27  3:18  Marine x2  
  29  3:24  SCV  
  30  3:27  Supply Depot  
  30  3:36  SCV  
  31  3:42  Marine x2  
  33  3:55  Factory Tech Lab  
  36  3:56  SCV  
  36  3:58  Raven  
  36  4:03  Marine  
  36  4:04  Marine  
  38  4:10  Bunker  
  38  4:13  Orbital Command  
  38  4:17  Siege Tank  
  41  4:28  Marine x2  
  41  4:31  SCV  
  44  4:40  Banshee  
  44  4:43  SCV  
  45  4:46  Marine x2  
  50  4:58  SCV, Orbital Command  
  48  5:04  Widow Mine, Marine x2  
  49  5:10  SCV  
  49  5:22  SCV, Marine x2  
  49  5:23  SCV  
  53  5:33  Command Center  
  53  5:34  SCV  
  54  5:38  SCV, Engineering Bay  
  55  5:44  Siege Tank  
  55  5:47  SCV  
  55  5:49  Marine  
  56  5:50  Stimpack  
  56  5:52  SCV  
  58  5:58  Supply Depot  
  58  6:01  SCV  
  58  6:02  Barracks  
  59  6:04  SCV  
  59  6:08  Missile Turret  
  59  6:11  Missile Turret, Marine  
  60  6:14  SCV  
  60  6:16  SCV  
  62  6:21  Starport Reactor  
  62  6:26  SCV  
  62  6:28  SCV  
  62  6:29  Marine  
  62  6:38  SCV  
  63  6:41  SCV, Refinery x2, Barracks x2  
  63  6:42  Terran Infantry Weapons Level 1, Barracks  
  63  6:45  Factory Reactor  
  64  6:50  SCV, Marine x2  
  64  6:51  Marauder  
  68  6:57  SCV  
  68  7:00  Orbital Command  
  68  7:03  SCV  
  68  7:08  Marine x2  
  71  7:12  Marine  
  71  7:15  Medivac x2  
  73  7:19  SCV  
  73  7:22  SCV  
  74  7:26  Supply Depot, Marine x2  
  74  7:27  SCV  
  74  7:29  Marine  
  75  7:31  Widow Mine x2  
  75  7:32  Barracks Tech Lab, Barracks Reactor  
  80  7:45  Combat Shields, Marine x2  
  80  7:46  Marauder  
  80  7:51  Armory, SCV  
  85  7:54  Supply Depot, SCV x2, Engineering Bay  
  85  7:56  Marauder  
  89  8:05  Supply Depot  
  89  8:07  Bunker  
  89  8:09  Bunker  
  89  8:12  Marine, Marauder x2  
  93  8:16  SCV  
  93  8:18  Widow Mine  
  96  8:24  Supply Depot  
  96  8:27  Supply Depot  
  96  8:28  Concussive Shells  
  96  8:29  Marine, Marauder  
  97  8:36  Terran Infantry Armor Level 1  
  97  8:37  Marauder  
  97  8:38  Marine  
  100  8:44  Marine  
  100  8:46  Marauder  
  100  8:47  Widow Mine  
  105  8:50  Widow Mine  
  107  8:57  Marauder  
  108  9:03  Marine x2, Marauder  
  108  9:05  Orbital Command  
  112  9:13  Marine  
  112  9:14  Marine, Marauder  
  115  9:25  Marauder  
  115  9:28  Terran Infantry Weapons Level 2  
  115  9:29  Supply Depot  
  115  9:30  Supply Depot  
  117  9:40  Missile Turret  
  117  9:43  Liberator x2  
  117  9:44  Marine  
  117  9:49  Marine  
  117  9:50  Missile Turret  
  117  9:51  Widow Mine, Marauder x2  
  123  9:55  Marauder  
  123  9:56  Widow Mine  
  118  10:05  Marine  
  123  10:09  Marine  
  123  10:12  Marine  
  123  10:13  Widow Mine, Marauder x2  
  130  10:15  Supply Depot  
  130  10:17  Widow Mine  
  132  10:24  Orbital Command  
  122  10:36  Marine, Marauder  
  122  10:37  Widow Mine  
  122  10:39  Widow Mine  
  122  10:40  SCV  
  122  10:41  SCV  
  122  10:42  Marine x2  
  131  10:43  Marauder  
  131  10:47  Medivac  
  131  10:49  Missile Turret  
  137  10:51  Medivac  
  137  10:55  Orbital Command  
  139  10:59  Marauder  
  141  11:05  Marine x2  
  141  11:06  Marauder  
  145  11:25  Marauder  
  147  11:28  Marauder  
  149  11:33  Marine  
Show
View Real Time Build Order
Export as new Build Order

Has Protoss - Winner!

Build Orders: Phoenix Opening, Chargelot Immortal 

Get SALT Encoding   

  12  0:00  Probe  
  13  0:12  Probe  
  14  0:17  Pylon  
  14  0:23  Probe  
  15  0:31  Probe  
  16  0:37  Gateway  
  16  0:39  Probe  
  17  0:51  Probe  
  17  0:53  Assimilator  
  18  0:57  Assimilator  
  18  0:59  Probe  
  19  1:07  Probe  
  20  1:18  Probe  
  21  1:26  Cybernetics Core  
  21  1:27  Pylon  
  21  1:30  Probe  
  22  1:42  Probe  
  23  1:53  Adept  
  24  2:10  Nexus  
  25  2:21  Stargate  
  24  2:27  Adept  
  26  2:30  Probe  
  27  2:42  Probe  
  28  2:47  Pylon  
  28  2:51  Warp Gate  
  27  2:55  Probe  
  27  2:57  Stalker  
  30  3:00  Phoenix  
  30  3:07  Probe  
  33  3:19  Probe  
  34  3:22  Gateway  
  35  3:27  Probe  
  35  3:28  Phoenix  
  37  3:35  Probe  
  37  3:36  Probe  
  39  3:48  Probe  
  40  3:50  Phoenix  
  41  4:00  Probe  
  41  4:02  Probe  
  42  4:04  Robotics Facility  
  42  4:12  Probe  
  42  4:15  Phoenix  
  42  4:17  Gateway  
  43  4:22  Probe  
  46  4:32  Gateway, Probe  
  46  4:36  Probe  
  49  4:45  Probe  
  49  4:46  Observer  
  49  4:47  Phoenix  
  49  4:48  Probe  
  52  4:55  Pylon  
  52  4:57  Probe  
  52  4:58  Shield Battery  
  54  5:13  Probe x2, Phoenix  
  58  5:25  Immortal  
  58  5:26  Nexus  
  60  5:29  Pylon  
  62  5:36  Pylon  
  62  5:47  Probe  
  62  5:48  Probe  
  64  5:53  Twilight Council, Forge  
  64  5:57  Observer  
  64  5:59  Probe  
  64  6:00  Gateway  
  64  6:01  Gateway x2  
  65  6:08  Probe  
  65  6:09  Sentry, Shield Battery  
  70  6:11  Probe  
  70  6:15  Assimilator  
  70  6:16  Pylon  
  70  6:20  Probe  
  71  6:26  Immortal, Charge  
  69  6:34  Probe x2  
  69  6:37  Probe  
  75  6:44  Gateway  
  75  6:45  Probe  
  75  6:46  Probe x2  
  78  6:47  Gateway  
  78  6:50  Pylon  
  78  6:52  Protoss Ground Armor Level 1  
  79  6:55  Probe  
  79  6:58  Probe x2  
  82  7:02  Pylon  
  82  7:04  Warp Prism  
  84  7:08  Probe, Pylon  
  84  7:11  Probe  
  84  7:13  Probe  
  87  7:18  Zealot x3  
  93  7:26  Sentry x2, Probe x2  
  93  7:28  Shield Battery  
  98  7:30  Probe, Pylon  
  98  7:37  Zealot  
  98  7:38  Zealot x2  
  98  7:39  Zealot  
  98  7:40  Zealot  
  98  7:41  Immortal  
  107  7:45  Pylon  
  107  7:47  Pylon  
  111  7:58  Zealot x3  
  111  8:02  Zealot x2  
  121  8:16  Probe x2  
  121  8:18  Probe  
  124  8:24  Nexus  
  124  8:25  Blink  
  124  8:27  Pylon  
  124  8:33  Protoss Ground Armor Level 2  
  124  8:37  Probe x2  
  124  8:39  Templar Archives  
  124  8:41  Assimilator, Probe  
  127  8:42  Assimilator  
  127  8:44  Immortal  
  131  8:50  Pylon  
  131  8:52  Pylon  
  131  8:53  Zealot, Pylon  
  131  8:54  Zealot x2  
  134  8:57  Zealot x2  
  134  8:58  Zealot  
  135  9:04  Zealot x2  
  135  9:07  Zealot  
  141  9:14  Probe x3  
  144  9:26  Zealot x8  
  155  9:45  Zealot  
  155  9:46  Zealot x8  
  151  10:10  Psionic Storm, High Templar x2  
  151  10:11  High Templar  
  155  10:14  Probe  
  155  10:16  Probe x3  
  156  10:23  Zealot x3, Probe  
  156  10:24  Probe  
  156  10:28  Probe x2  
  164  10:31  Probe  
  153  10:42  Probe x2  
  155  10:49  Zealot x5  
  165  10:57  Zealot x3  
  167  11:00  Pylon  
  162  11:21  Stalker x5  
  162  11:22  Stalker x3  
  162  11:23  Stalker  
  122  11:45  Zealot  
  122  11:46  Zealot x8  
Tags
 
Add a new tag
Caveats
  • Supply blocks, unpowered buildings, or Contaminate may cause inaccurate times.
  • Supply counts are checked every 10 seconds.